Map: Abyssal Reef LE

Players

MooEsqoo

  • Race: Zerg Zerg
  • Spawn Location: 11:00

Cheater 1 (Vision) - Winner!

  • Race: Protoss Protoss
  • Spawn Location: 5:00

VOD

Have the link to the VOD?

Description

Time

  • Played on: Dec. 24, 2019, 8:23 a.m.
  • Length: 10:13
Show
View Real Time Build Order
Export as new Build Order

MooEsqoo Zerg 

Build Orders: Hatch First 

Get SALT Encoding   

  12  0:07  Drone  
  13  0:14  Overlord  
  13  0:18  Drone  
  14  0:33  Drone x2  
  16  0:40  Drone  
  17  0:52  Drone  
  18  1:01  Hatchery  
  17  1:06  Drone  
  17  1:08  Extractor  
  17  1:13  Drone  
  18  1:32  Spawning Pool  
  18  1:33  Drone  
  18  1:34  Drone  
  19  1:46  Overlord  
  19  1:55  Drone  
  20  2:06  Drone  
  21  2:13  Overlord  
  21  2:18  Drone  
  21  2:20  Queen x2  
  26  2:25  Zergling x2  
  26  2:28  Zergling x2  
  28  2:40  Zergling x2  
  28  2:41  Drone  
  28  2:43  Hatchery  
  29  2:48  Drone  
  29  2:50  Overlord  
  30  2:56  Metabolic Boost  
  30  3:05  Queen  
  30  3:09  Drone  
  30  3:11  Zergling x2  
  34  3:14  Drone  
  35  3:32  Spore Crawler  
  34  3:39  Drone  
  34  3:40  Drone, Zergling x4  
  34  3:41  Drone, Zergling x2  
  39  3:42  Drone  
  39  3:45  Spore Crawler  
  40  3:52  Drone x2, Zergling x4  
  44  4:02  Lair  
  44  4:19  Roach Warren, Evolution Chamber  
  44  4:22  Drone, Zergling x2  
  44  4:24  Evolution Chamber  
  44  4:25  Drone  
  44  4:27  Baneling Nest  
  44  4:28  Zergling x2  
  44  4:30  Drone  
  45  4:32  Zergling x2  
  45  4:37  Overlord  
  46  4:45  Drone  
  46  4:46  Zergling x2  
  46  4:47  Drone, Zergling x2  
  46  4:51  Overlord  
  50  4:54  Drone  
  50  4:56  Zergling x2  
  52  5:00  Extractor  
  52  5:01  Extractor  
  52  5:04  Drone, Zergling x2  
  52  5:10  Extractor  
  51  5:18  Zerg Missile Weapons Level 1  
  51  5:19  Zerg Ground Armor Level 1  
  51  5:23  Glial Reconstitution  
  51  5:30  Drone x2, Zergling x2  
  51  5:31  Drone, Zergling x2  
  51  5:33  Drone  
  57  5:48  Drone x2, Zergling x2  
  57  5:49  Drone, Zergling x2  
  62  5:50  Drone, Zergling x2  
  64  5:58  Centrifical Hooks  
  64  6:16  Overlord  
  64  6:18  Roach x2  
  66  6:20  Roach  
  66  6:21  Drone x2  
  66  6:22  Drone  
  73  6:28  Overlord  
  73  6:30  Overlord  
  73  6:34  Drone  
  73  6:38  Roach  
  76  6:40  Drone  
  76  6:41  Roach  
  79  6:47  Baneling x3  
  79  6:48  Baneling x4  
  79  6:49  Baneling x2  
  79  6:50  Baneling  
  79  6:51  Baneling  
  79  6:52  Baneling  
  79  7:14  Drone  
  79  7:15  Roach, Drone  
  82  7:16  Roach, Drone  
  82  7:17  Roach, Drone  
  82  7:18  Roach, Drone  
  92  7:28  Zerg Missile Weapons Level 2  
  92  7:29  Zerg Ground Armor Level 2  
  92  7:37  Roach x2  
  96  7:38  Roach  
  96  7:39  Overlord  
  98  8:02  Overlord  
  98  8:03  Overlord x6  
  98  8:04  Overlord  
  68  8:46  Zergling x4  
  68  8:47  Zergling x16  
  68  8:48  Zergling x2  
  76  8:59  Zergling x4  
  78  9:17  Extractor  
  78  9:21  Extractor  
  76  9:36  Spire  
  75  9:39  Infestation Pit, Hydralisk Den, Overlord x5  
  75  9:40  Overlord x3  
  75  9:42  Roach x4  
  75  9:43  Roach x5  
Show
View Real Time Build Order
Export as new Build Order

Cheater 1 (Vision) Protoss - Winner!

Build Orders:  

Get SALT Encoding   

  12  0:00  Probe  
  13  0:13  Probe  
  14  0:20  Pylon  
  14  0:25  Probe  
  15  0:34  Probe  
  15  0:42  Probe  
  16  0:48  Assimilator  
  17  0:51  Gateway  
  17  0:52  Probe  
  18  1:00  Probe  
  18  1:02  Pylon  
  18  1:08  Probe  
  20  1:18  Probe  
  21  1:31  Probe  
  22  1:40  Zealot  
  22  1:43  Probe  
  25  1:48  Nexus  
  25  1:59  Cybernetics Core, Probe  
  26  2:07  Probe  
  26  2:15  Probe  
  28  2:26  Pylon  
  28  2:27  Probe  
  29  2:34  Stalker  
  29  2:35  Warp Gate  
  29  2:36  Gateway  
  31  2:39  Assimilator  
  31  2:44  Probe  
  32  2:52  Pylon  
  32  2:54  Adept  
  32  2:56  Probe  
  33  3:00  Probe  
  36  3:08  Probe  
  36  3:12  Probe  
  38  3:19  Robotics Facility  
  38  3:20  Adept  
  38  3:23  Adept  
  38  3:25  Probe  
  38  3:27  Probe  
  44  3:37  Probe  
  44  3:39  Probe  
  46  3:44  Adept  
  46  3:48  Pylon  
  46  3:49  Probe  
  46  3:51  Probe  
  46  3:53  Adept  
  52  4:01  Probe  
  53  4:03  Probe  
  53  4:05  Stalker  
  53  4:08  Immortal  
  53  4:09  Pylon  
  58  4:13  Probe  
  58  4:15  Probe  
  62  4:25  Probe  
  62  4:27  Robotics Facility, Probe  
  62  4:30  Stalker  
  66  4:40  Probe  
  66  4:41  Immortal  
  66  4:42  Stalker, Probe  
  70  4:48  Pylon  
  70  4:52  Pylon  
  74  4:56  Stalker  
  76  5:05  Stalker  
  76  5:06  Probe x2  
  80  5:13  Immortal  
  84  5:22  Zealot  
  84  5:24  Pylon  
  84  5:25  Assimilator  
  84  5:26  Gateway  
  84  5:27  Assimilator  
  86  5:31  Sentry  
  88  5:43  Zealot  
  88  5:45  Pylon  
  88  5:48  Probe  
  88  5:49  Probe  
  92  5:54  Zealot  
  94  6:00  Probe  
  94  6:01  Nexus  
  94  6:03  Zealot  
  97  6:04  Probe  
  97  6:10  Pylon  
  98  6:14  Zealot  
  100  6:20  Forge, Sentry  
  100  6:23  Zealot  
  104  6:34  Pylon, Zealot  
  104  6:36  Zealot  
  108  6:43  Zealot  
  110  6:53  Pylon, Zealot  
  112  6:54  Pylon  
  112  6:55  Protoss Ground Armor Level 1, Stalker  
  114  7:03  Zealot  
  116  7:10  Robotics Bay  
  116  7:13  Stalker  
  116  7:15  Probe  
  119  7:17  Probe  
  119  7:18  Sentry  
  119  7:19  Probe  
  119  7:22  Assimilator  
  123  7:23  Observer  
  123  7:26  Pylon  
  123  7:27  Probe  
  125  7:30  Assimilator  
  125  7:31  Probe  
  125  7:32  Probe  
  125  7:34  Pylon  
  127  7:39  Probe  
  127  7:43  Probe  
  129  7:44  Probe  
  129  7:45  Immortal  
  129  7:49  Forge  
  134  7:51  Twilight Council, Probe  
  134  7:52  Nexus  
  134  7:57  Colossus  
  141  7:59  Probe  
  141  8:01  Probe  
  141  8:04  Probe  
  144  8:09  Probe  
  144  8:12  Probe  
  145  8:13  Probe  
  145  8:17  Probe  
  147  8:22  Probe  
  147  8:24  Immortal  
  153  8:31  Pylon  
  153  8:33  Photon Cannon  
  153  8:34  Photon Cannon  
  153  8:35  Sentry  
  153  8:38  Sentry  
  139  8:42  Photon Cannon  
  137  8:50  Pylon, Nexus, Colossus  
  143  9:00  Photon Cannon  
  143  9:05  Colossus, Zealot  
  143  9:06  Photon Cannon  
  145  9:10  Gateway  
  151  9:17  Zealot x2  
  155  9:26  Stalker  
  155  9:28  Pylon  
  157  9:36  Stalker  
  157  9:37  Adept  
  161  9:44  Observer  
  162  9:49  Pylon  
  162  9:56  Zealot  
  159  10:02  Gateway  
  159  10:06  Pylon  
  157  10:07  Zealot  
  157  10:08  Adept  
  157  10:10  Sentry  
Tags
 
Add a new tag
Caveats
  • Supply blocks, unpowered buildings, or Contaminate may cause inaccurate times.
  • Supply counts are checked every 10 seconds.